 Dungeon Sprint DCSS version 0.28-a0-845-gfc338a8e3c (webtiles) character file.

Game seed: 17102127956122656334

109 CapitalAbolisher the Shield-Bearer (level 4, -2/43 HPs)
             Began as a Gnoll Fighter on Nov 13, 2021.
             Slain by Sigmund (6 damage)
             ... in the Dungeon (Sprint I: "Red Sonja").
             The game lasted 00:09:25 (466 turns).

CapitalAbolisher the Shield-Bearer (Gnoll Fighter)   Turns: 466, Time: 00:09:27

Health: -2/43      AC:  7    Str: 17    XL:     4   Next: 89%
Magic:  8/8        EV: 10    Int:  7    God:
Gold:   54         SH:  5    Dex: 11    Spells: 9/9 levels left

rFire   . . .      SeeInvis .   a - +0 long sword
rCold   . . .      Faith    .   c - +0 buckler
rNeg    . . .      Spirit   .   b - +0 scale mail
rPois   .          Reflect  .   (no helmet)
rElec   .          Harm     .   (no cloak)
rCorr   .          Rampage  .   (no gloves)
Will    .....      NoTele   +   (no boots)
Stlth   +.........              (no amulet)
HPRegen 0.14/turn               (no ring)
MPRegen 0.11/turn               (no ring)

@: no status effects
A: fangs 1, strong nose, distributed training
a: no special abilities


You were in the Dungeon.
You visited 1 branch You collected 54 gold pieces.

Inventory:

Hand Weapons
 a - a +0 long sword (weapon)
Armour
 b - a +0 scale mail (worn)
 c - a +0 buckler (worn)
Scrolls
 j - a scroll of blinking
Potions
 d - a potion of might
 g - a potion of haste
 h - 2 potions of magic
 i - a potion of berserk rage


   Skills:
 + Level 7.2 Fighting
 + Level 3.0 Short Blades
 + Level 5.5 Long Blades
 + Level 3.0 Axes
 + Level 3.0 Maces & Flails
 + Level 3.0 Polearms
 + Level 3.0 Staves
 + Level 3.0 Slings
 + Level 3.0 Bows
 + Level 3.0 Crossbows
 + Level 3.0 Throwing
 + Level 7.2 Armour
 + Level 3.0 Dodging
 + Level 3.0 Stealth
 + Level 7.2 Shields
 + Level 3.0 Unarmed Combat
 + Level 3.0 Spellcasting
 + Level 2.4 Conjurations
 + Level 2.4 Hexes
 + Level 2.4 Summonings
 + Level 2.4 Necromancy
 + Level 2.4 Translocations
 + Level 2.4 Transmutations
 + Level 2.4 Fire Magic
 + Level 2.4 Ice Magic
 + Level 2.4 Air Magic
 + Level 2.4 Earth Magic
 + Level 2.4 Poison Magic
 + Level 3.3 Invocations
 + Level 3.0 Evocations


You had 9 spell levels left.
You didn't know any spells.
Your spell library was empty.

Dungeon Overview and Level Annotations

Branches:
Dungeon (1/1)

Altars:

Annotations:
D Sigmund


Innate Abilities, Weirdness & Mutations

You have very sharp teeth.
Your uncanny sense of smell can sniff out nearby items.
Your experience applies equally to all skills.


Message History

Something hits you.
There is an open door here.
You barely miss something. You barely miss something. Something hits you.
You slash something! Something hits you but does no damage.
You slash something! Something hits you but does no damage.
You hit something but do no damage. You hit something. You bite something.
Something hits you.
You barely miss something. You bite something.
You hear some strange, mumbled words.
A magic dart appears from out of thin air!
The magic dart hits you!
You barely miss something. Something hits you!
You closely miss something. You bite something. Something hits you.
You miss something. You closely miss something. Your bite misses something.
You hear some strange, mumbled words.
You are confused.
You hear some strange, mumbled words.
You are more confused.
You're too confused to move!
Something hits you.
* * * LOW HITPOINT WARNING * * *
You feel better. Something hits you!
* * * LOW HITPOINT WARNING * * *
You feel much better.
You hear some strange, mumbled words.
Something tries to affect you, but you resist.
You hear some strange, mumbled words.
A magic dart appears from out of thin air!
The magic dart hits you.
There is an open door, spattered with blood here.
You hit something. Something hits you!
You miss something. Your bite misses something. You miss something.
You hear some strange, mumbled words.
A puff of flame appears from out of thin air!
The puff of flame hits you!
* * * LOW HITPOINT WARNING * * *
Something hits you.
You die...

#############
#<.#..)..#..+∆∆
#..@{.#..'..#∆∆
#..#####'####
#..# #..#∆∆∆ ∆
#..# ####∆∆ ∆
#..# #⌠⌠# ####
∆∆ ∆ ∆


There were no monsters in sight!

Vanquished Creatures
  An ogre (D)
  Ijyb (D)
2 creatures vanquished.

Notes
Turn   | Place    | Note
-------+----------+-------------------------------------------
     0 | D        | CapitalAbolisher the Gnoll Fighter began the quest for the
                  | Orb.
     0 | D        | Reached XP level 1. HP: 23/23 MP: 1/1
    17 | D        | Noticed Ijyb
    28 | D        | Killed Ijyb
    29 | D        | Reached skill level 1 in Short Blades
    29 | D        | Reached skill level 1 in Axes
    29 | D        | Reached skill level 1 in Maces & Flails
    29 | D        | Reached skill level 1 in Polearms
    29 | D        | Reached skill level 1 in Staves
    29 | D        | Reached skill level 1 in Slings
    29 | D        | Reached skill level 1 in Bows
    29 | D        | Reached skill level 1 in Crossbows
    29 | D        | Reached skill level 1 in Throwing
    29 | D        | Reached skill level 1 in Dodging
    29 | D        | Reached skill level 1 in Stealth
    29 | D        | Reached skill level 1 in Unarmed Combat
    29 | D        | Reached skill level 1 in Spellcasting
    29 | D        | Reached skill level 1 in Conjurations
    29 | D        | Reached skill level 1 in Hexes
    29 | D        | Reached skill level 1 in Summonings
    29 | D        | Reached skill level 1 in Necromancy
    29 | D        | Reached skill level 1 in Translocations
    29 | D        | Reached skill level 1 in Transmutations
    29 | D        | Reached skill level 1 in Fire Magic
    29 | D        | Reached skill level 1 in Ice Magic
    29 | D        | Reached skill level 1 in Air Magic
    29 | D        | Reached skill level 1 in Earth Magic
    29 | D        | Reached skill level 1 in Poison Magic
    29 | D        | Reached skill level 1 in Evocations
    29 | D        | Reached XP level 2. HP: 20/29 MP: 1/4
    29 | D        | Reached XP level 3. HP: 24/35 MP: 1/5
   135 | D        | Noticed an ogre
   144 | D        | Killed an ogre
   145 | D        | Reached skill level 5 in Long Blades
   145 | D        | Reached XP level 4. HP: 4/43 MP: 5/8
   436 | D        | Noticed Sigmund
   466 | D        | Slain by Sigmund

Illustrated notes

Levels and vault maps discovered:
D:        dungeon_sprint_1 [red_sonja_temple_1, red_sonja_temple_small_1]

Skill      XL: |  1  2  3 |
---------------+----------+-----
Short Blades   | 1 3 |  3.0
Axes           | 1 3 |  3.0
Maces & Flails | 1 3 |  3.0
Polearms       | 1 3 |  3.0
Staves         | 1 3 |  3.0
Slings         | 1 3 |  3.0
Bows           | 1 3 |  3.0
Crossbows      | 1 3 |  3.0
Throwing       | 1 3 |  3.0
Dodging        | 1 3 |  3.0
Stealth        | 1 3 |  3.0
Unarmed Combat | 1 3 |  3.0
Spellcasting   | 1 3 |  3.0
Conjurations   | 1 2 |  2.4
Hexes          | 1 2 |  2.4
Summonings     | 1 2 |  2.4
Necromancy     | 1 2 |  2.4
Translocations | 1 2 |  2.4
Transmutations | 1 2 |  2.4
Fire Magic     | 1 2 |  2.4
Ice Magic      | 1 2 |  2.4
Air Magic      | 1 2 |  2.4
Earth Magic    | 1 2 |  2.4
Poison Magic   | 1 2 |  2.4
Invocations    | 2 3 |  3.3
Evocations     | 1 3 |  3.0
Fighting       | 7 |  7.2
Long Blades    | 5 |  5.5
Armour         | 7 |  7.2
Shields        | 7 |  7.2

Action                   |  1- 3 |  4- 6 || total
-------------------------+-------+-------++-------
Melee: Long sword        |    18 |    14 ||    32
       Bite              |     1 |     3 ||     4
  Use: Potion            |       |     2 ||     2
Armor: Scale mail        |     2 |     2 ||     4
Dodge: Dodged            |     7 |       ||     7
Block: Buckler           |     3 |       ||     3

Table legend: (Time is in decaauts)
 A = Elapsed time spent in this place.
 B = Non-inter-level travel time spent in this place.
 C = Inter-level travel time spent in this place.
 D = Time resting spent in this place.
 E = Time spent auto-exploring this place.
 F = Levels seen in this place.
 G = Mean time per level.
                   A        B        C        D        E       F      G
               +--------+--------+--------+--------+--------+-----+--------+
         Total |    470 |    449 |     21 |      0 |      0 |   1 |  470.0 |
       Dungeon |    470 |    449 |     21 |      0 |      0 |   1 |  470.0 |
               +--------+--------+--------+--------+--------+-----+--------+

Top non-repeatable levels by time:
       D: 470 daAuts
